Map: El Dorado

Players

BigusDickus

  • Race: Protoss Protoss
  • League: Gold
  • Spawn Location: 7:00

wootwoot - Winner!

  • Race: Protoss Protoss
  • League: Silver
  • Spawn Location: 5:00

VOD

Have the link to the VOD?

Description

Time

  • Played on: April 1, 2025, 5:16 p.m.
  • Length: 2:30
Show
View Real Time Build Order
Export as new Build Order

BigusDickus Protoss 

Build Orders:  

Get SALT Encoding   

  12  0:00  Probe  
  13  0:12  Probe  
  14  0:20  Pylon  
  14  0:24  Probe  
  15  0:38  Probe  
  16  0:43  Gateway  
  16  0:46  Probe  
  16  0:50  Assimilator  
  17  1:00  Assimilator  
  17  1:02  Probe  
  18  1:14  Probe  
  19  1:18  Gateway  
  19  1:26  Probe  
  20  1:38  Probe  
  21  1:40  Cybernetics Core  
  21  1:46  Assimilator  
  21  1:49  Pylon  
  21  1:51  Probe  
  22  2:03  Probe  
  23  2:15  Probe  
Show
View Real Time Build Order
Export as new Build Order

wootwoot Protoss - Winner!

Build Orders:  

Get SALT Encoding   

  12  0:00  Probe  
  13  0:12  Probe  
  14  0:17  Pylon  
  14  0:25  Probe  
  15  0:40  Gateway  
  15  0:41  Assimilator  
  15  0:54  Pylon  
  15  1:13  Gateway  
  15  1:15  Gateway  
  15  1:28  Cybernetics Core  
  15  1:37  Probe  
  16  1:49  Probe  
  16  1:53  Stalker x2  
Tags
 
Matchup
PvP
Replay Pack
B2M-Replays
Spawn Locations
Close Positions
Add a new tag
Caveats
  • Supply blocks, unpowered buildings, or Contaminate may cause inaccurate times.
  • Supply counts are checked every 10 seconds.